 Dungeon Crawl Stone Soup version 0.28-a0-1087-gf3fc490d9d (webtiles) character file.

Game seed: 2481122629405806827

121 ytrimaz the Insei (level 5, -4/34 HPs)
             Began as an Octopode Transmuter on Dec 10, 2021.
             Slain by an ogre (28 damage)
             ... on level 3 of the Dungeon.
             The game lasted 00:02:25 (2128 turns).

ytrimaz the Insei (Octopode Transmuter)             Turns: 2128, Time: 00:02:25

Health: -4/34      AC:  2    Str:  9    XL:     5   Next: 5%
Magic:  6/9        EV: 19    Int: 18    God:
Gold:   124        SH:  0    Dex: 17    Spells: 3/9 levels left

rFire   . . .      SeeInvis .     - Unarmed
rCold   . . .      Faith    .   (shield currently unavailable)
rNeg    . . .      Spirit   .   (helmet currently unavailable)
rPois   x          Reflect  .   (no amulet)
rElec   .          Harm     .   (no ring)
rCorr   .          Rampage  .   (no ring)
Will    .....                   (no ring)
Stlth   ++........              (no ring)
HPRegen 0.11/turn               (no ring)
MPRegen 0.11/turn               (no ring)
                                (no ring)
                                (no ring)

@: spider-form
A: venomous fangs, almost no armour, (amphibious), 8 rings, tiny, (camouflage
1), (gelatinous body 1), (nimble swimmer 1), (tentacles)
a: End Transformation


You were on level 3 of the Dungeon.
You were a venomous arachnid creature.
You visited 1 branch of the dungeon, and saw 3 of its levels.

You collected 146 gold pieces.
You spent 22 gold pieces at shops.

Inventory:

Jewellery
 a - a ring of fire
Scrolls
 c - a scroll of fear {unknown}
 f - a scroll of amnesia {unknown}
Potions
 b - a potion of might
 d - a potion of mutation
 e - 2 potions of heal wounds {unknown}
 g - 3 potions of curing {unknown}


   Skills:
 * Level 1.9 Fighting
 - Level 2.0 Dodging
 + Level 3.8 Unarmed Combat
 * Level 2.9 Spellcasting
 * Level 3.0 Transmutations
 * Level 1.1 Poison Magic


You had 3 spell levels left.
You knew the following spells:

 Your Spells              Type           Power      Damage    Failure   Level
a - Beastly Appendage     Tmut           26%        N/A       14%         1
b - Wereblood             Tmut           13%        N/A       19%         2
c - Spider Form           Tmut/Pois      10%        N/A       41%         3

Your spell library contained the following spells:

 Spells                   Type           Power      Damage    Failure   Level
 Ice Form                 Ice/Tmut       8%         N/A       83%         4


Dungeon Overview and Level Annotations

Branches:
Dungeon (3/15)

Altars:
Ru

Shops:
D:1 ?   D:2 (


Innate Abilities, Weirdness & Mutations

You are a venomous arachnid creature.
You have poisonous fangs.
You are tiny and dextrous.
Your spellcasting is less reliable in this form.
Your armour is entirely melded.
You are incapable of wielding weapons or throwing items.
You cannot wear most types of armour.
((You are amphibious.))
You can wear up to eight rings at the same time.
((Your skin changes colour to match your surroundings (Stealth+).))
((Your rubbery body absorbs attacks. (AC +1, EV +1)))
((You are camouflaged near water. (Stealth+)))
((You have tentacles for arms and can constrict up to eight enemies at once.))


Message History

You hit Natasha.
You kill Natasha!
You feel Natasha's spirit has finally been put to rest.
The iron imp disappears in a puff of smoke!
Your Transmutations skill increases to level 3!
You have reached level 5!
You feel clever.
Unknown command.
g - a coppery potion You see here the felid corpse of Natasha.
Your transformation has ended.
You feel yourself speed up.
You now have 108 gold pieces (gained 10).
g - 3 coppery potions (gained 2)
Found a stone staircase leading down.
Found 14 stones.
You now have 124 gold pieces (gained 16).
Found a stone staircase leading up.
An ogre comes into view. It is wielding a +0 giant club.
The ogre shouts!
You see here 13 gold pieces.
Okay, then.
Casting: Spider Form (quite dangerous; 21% risk of failure)
Confirm with . or Enter, or press ? or * to list all spells.
You don't know that spell.
Casting: Spider Form (quite dangerous; 21% risk of failure)
Confirm with . or Enter, or press ? or * to list all spells.
The spell is quite dangerous to miscast (21% risk of failure)!
Continue anyway?
You turn into a venomous arachnid creature.
Unknown command.
You hit the ogre but do no damage.
The ogre is poisoned.
The ogre hits you with a +0 giant club!
You hit the ogre.
The ogre looks even sicker.
The ogre is lightly wounded.
Unknown command.
You hit the ogre.
The ogre looks as sick as possible!
The ogre is moderately wounded.
The ogre hits you with a +0 giant club!!
Ouch! That really hurt!
You die...

........# ###.......#
###.........#
#.......<...#
#.#.........# .###
#.#.........# ...#
###.#.........#
.#.######...#...sO....#
#>...........$.......#
#......(.####.########
##.###.....# #.#
...##..###.# #.#
##....## #.....#
#..#####. ..####
#.###... #.. ..# ..#
##.


You could see an ogre (extremely poisoned).

Vanquished Creatures
  Natasha (thrice) (D:3)
  2 adders (D:2)
  A ball python (D:1)
  3 endoplasms
  A giant cockroach (D:3)
  4 goblins
  2 hobgoblins (D:1)
  A kobold (D:3)
  2 quokkas
  6 bats
  A frilled lizard (D:1)
  5 rats
31 creatures vanquished.

Notes
Turn   | Place    | Note
-------+----------+-------------------------------------------
     0 | D:1      | ytrimaz the Octopode Transmuter began the quest for the
                  | Orb.
     0 | D:1      | Reached XP level 1. HP: 13/13 MP: 3/3
     2 | D:1      | Noticed a vine stalker
     2 | D:1      | Noticed a felid
     4 | D:1      | Noticed a tengu
     4 | D:1      | Noticed a naga
     6 | D:1      | Noticed a minotaur
     8 | D:1      | Noticed a merfolk
     8 | D:1      | Noticed a demigod
    10 | D:1      | Noticed an elf
    12 | D:1      | Noticed a troll
    12 | D:1      | Noticed a spriggan
    14 | D:1      | Noticed a vampire
    14 | D:1      | Noticed an octopode
    16 | D:1      | Noticed a formicid
    18 | D:1      | Noticed an ogre
    20 | D:1      | Noticed a dwarf
    20 | D:1      | Noticed a gargoyle
    22 | D:1      | Noticed a draconian
    22 | D:1      | Noticed a ghoul
    24 | D:1      | Noticed a human
    26 | D:1      | Noticed a demonspawn
   597 | D:1      | Reached XP level 2. HP: 17/18 MP: 3/5
   623 | D:1      | Learned a level 2 spell: Wereblood
   769 | D:1      | Found Vicukkoz's Magic Scroll Shop.
   777 | D:1      | Bought a scroll of identify for 22 gold pieces
   900 | D:2      | Found a sacrificial altar of Ru.
  1073 | D:2      | Reached XP level 3. HP: 23/23 MP: 4/6
  1077 | D:2      | Learned a level 3 spell: Spider Form
  1150 | D:2      | Found Apnogac's Weapon Shoppe.
  1521 | D:2      | Found a faded altar of an unknown god.
  1847 | D:3      | Noticed Natasha
  1855 | D:3      | Killed Natasha
  1856 | D:3      | Reached XP level 4. HP: 20/29 MP: 5/7
  1981 | D:3      | Noticed Natasha
  1992 | D:3      | Killed Natasha
  1993 | D:3      | Reached skill level 1 in Poison Magic
  2009 | D:3      | Noticed Natasha
  2017 | D:3      | Killed Natasha
  2018 | D:3      | Reached XP level 5. HP: 24/34 MP: 4/9
  2122 | D:3      | Noticed an ogre
  2128 | D:3      | Slain by an ogre

Illustrated notes

Levels and vault maps discovered:
D:1:      kb_arrival_jail, layout_rooms, serial_shops, shop_fountains,
          minivault_4
D:2:      layout_basic, basic_altar, serial_shops,
          nicolae_shop_bloodbath_and_beyond,
          shapermc_ecumenical_altar_acropolis, amcnicky_mini_corridor_feature
D:3:      layout_rooms, uniq_natasha

Skill      XL: |  1  2  3  4 |
---------------+-------------+-----
Poison Magic   | 1 |  1.1
Transmutations | 3 |  3.0
Fighting       | |  1.9
Dodging        | |  2.0
Unarmed Combat | |  3.8
Spellcasting   | |  2.9

Action                   |  1- 3 |  4- 6 || total
-------------------------+-------+-------++-------
Melee: Unarmed           |    62 |    17 ||    79
       Constrict         |    19 |     1 ||    20
       Tentacles         |    10 |     1 ||    11
       Kick              |    11 |     1 ||    12
 Cast: Beastly Appendage |    19 |     2 ||    21
       Spider Form       |       |     3 ||     3
  Use: Scroll            |     3 |       ||     3
 Stab: Sleeping          |     3 |       ||     3
Armor: Skin              |    14 |     1 ||    15
Dodge: Dodged            |    49 |     7 ||    56

Table legend: (Time is in decaauts)
 A = Elapsed time spent in this place.
 B = Non-inter-level travel time spent in this place.
 C = Inter-level travel time spent in this place.
 D = Time resting spent in this place.
 E = Time spent auto-exploring this place.
 F = Levels seen in this place.
 G = Mean time per level.
                   A        B        C        D        E       F      G
               +--------+--------+--------+--------+--------+-----+--------+
         Total |   2137 |   2102 |     35 |     36 |   1756 |   3 |  712.3 |
       Dungeon |   2137 |   2102 |     35 |     36 |   1756 |   3 |  712.3 |
               +--------+--------+--------+--------+--------+-----+--------+

Top non-repeatable levels by time:
     D:1: 896 daAuts
     D:2: 784 daAuts
     D:3: 455 daAuts
